 Dungeon Crawl Stone Soup version 0.29-a0-364-g921d912d32 (webtiles) character file.

Game seed: 16304375577825341442

3186 holysushi the Slicer (level 10, -2/63 HPs)
             Began as a Kobold Monk on Apr 30, 2022.
             Was a Believer of Dithmenos.
             Slain by a two-headed ogre
             ... wielding a +0 halberd
              (10 damage)
             ... in a bailey.
             The game lasted 00:11:47 (8319 turns).

holysushi the Slicer (Kobold Monk)                  Turns: 8319, Time: 00:11:48

Health: -2/63      AC:  8    Str:  9    XL:     10   Next: 16%
Magic:  10/10      EV: 22    Int: 12    God:    Dithmenos [**....]
Gold:   328        SH:  0    Dex: 27    Spells: 9/9 levels left

rFire   . . .      SeeInvis .   a - +0 short sword
rCold   . . .      Faith    .   (no shield)
rNeg    . . .      Spirit   .   b - +0 robe
rPois   .          Reflect  .   u - +2 helmet
rElec   .          Harm     .   (no cloak)
rCorr   .          Rampage  .   o - +2 pair of gloves
Will    .....                   (no boots)
Stlth   ++++++....              (no amulet)
HPRegen 0.20/turn               v - +6 ring of dexterity
MPRegen 0.12/turn               (no ring)

@: about to teleport, wreathed by umbra
A: small, no large weapons, nightstalker 3
a: Renounce Religion, Shadow Step


You were in a bailey.
You worshipped Dithmenos.
Dithmenos was pleased with you.
You visited 2 branches of the dungeon, and saw 8 of its levels.
You also visited: Bailey.

You collected 328 gold pieces.

Inventory:

Hand Weapons
 a - a +0 short sword (weapon)
Missiles
 i - a throwing net (quivered)
Armour
 b - a +0 robe (worn)
 o - a +2 pair of gloves (worn)
 u - a +2 helmet (worn)
Jewellery
 d - a ring of poison resistance
 v - a +6 ring of dexterity (left hand)
Wands
 s - a wand of polymorph (1)
 t - a wand of charming (10)
Scrolls
 l - a scroll of identify
 n - a scroll of teleportation
 p - 2 scrolls of amnesia
 y - a scroll of enchant armour
Potions
 c - a potion of ambrosia
 e - a potion of degeneration {unknown}
 f - 2 potions of magic
 g - 2 potions of mutation
 h - a potion of brilliance
 j - 2 potions of heal wounds
 k - 3 potions of curing
 q - a potion of invisibility {unknown}
 r - 2 potions of might
 w - a potion of attraction {unknown}
 x - a potion of berserk rage


   Skills:
 - Level 7.4 Fighting
 - Level 12.0 Short Blades
 - Level 7.2 Dodging
 - Level 5.0 Stealth
 + Level 7.1 Evocations


You had 9 spell levels left.
You didn't know any spells.
Your spell library contained the following spells:

 Spells                   Type           Power      Damage    Failure   Level
 Ozocubu's Armour         Ice            0%         N/A       69%         3
 Cause Fear               Hex            0%         N/A       97%         4
 Dragon Form              Tmut           0%         N/A       100%        7
 Ozocubu's Refrigeration  Ice            0%         4d5       100%        7
 Dragon's Call            Summ           0%         N/A       100%        9


Dungeon Overview and Level Annotations

Branches:
Dungeon (7/15)             Temple (1/1) D:6          Bailey (1/1)

Altars:
Ashenzari
Cheibriados
Dithmenos
Elyvilon
Fedhas
Hepliaklqana
Kikubaaqudgha
Nemelex Xobeh
Okawaru
Qazlal
Trog
Uskayaw
Vehumet
Wu Jian
Xom
Yredelemnul
Zin
The Shining One

Annotations:
D:3 exclusion: downstairs
D:5 exclusion: downstairs


Innate Abilities, Weirdness & Mutations

You are small and have problems with some larger weapons.
You are completely attuned to the shadows.


Message History

Press: ? - help, Dir - move target Fall back!
Unknown command.
Unknown command.
What are your orders? t - Shout!
Orders for allies: a - Attack new target. r - Retreat! s - Stop attacking. g - Guard the area. f - Follow me.
Anything else - Cancel.
Retreat in which direction?
Press: ? - help, Dir - move target Fall back!
Unknown command.
Unknown command.
Unknown command.
Unknown command.
You enter the shallow water.
Moving in this stuff is going to be slow.
Found a potion of magic.
Unknown command.
Found three items.
Unknown command.
The two-headed ogre is no longer charmed.
Unknown command.
Aiming: Charm
Press: ? - help, Shift-Dir - straight line, f - two-headed ogre
Aim: a two-headed ogre, wielding a +0 halberd and a +0 glaive (heavily wounded, wandering, hasn't noticed you, chance to affect: 49%)
Okay, then.
Okay, then.
The two-headed ogre shouts in stereo!
The two-headed ogre completely misses you.
The two-headed ogre hits you from afar with a +0 glaive!!
* * * LOW HITPOINT WARNING * * *
Unknown command.
Okay, then.
As you read the scroll of teleportation, it crumbles to dust.
You feel strangely unstable. The two-headed ogre closely misses you.
The two-headed ogre hits you from afar with a +0 glaive!
You die...

##.......## ###
##.........## ##.##
##..#♣##♣##..## ##...##
##..#♣...).#♣..## #.....#
##..##...[)..♣#.)##
##.....###..##..♣#♣♣♣..♣...#
#...∩..≈≈≈..#..♣♣...♣♣.#...#
#......≈≈≈..#..#..≈!!♣.#)..#
#......≈≈≈..♣..≈@≈≈≈?♣.≈≈..#
#......≈≈)..#..♣..≈.?♣.♣≈..#
#...∩..≈≈≈..#..♣♣.O.♣♣.♣...#
##.....###..##..♣♣♣♣♣..♣...#
#.....# ##..♣♣.......♣#..##
##...## ##..#♣i....#♣..##
##.## ##..#######..## ###
##)........## ##.).....##


You could see a two-headed ogre.

Vanquished Creatures
  A gargoyle (D:6)
  3 spriggans (Bailey)
  Edmund (D:6)
  4 ice beasts
  A sky beast (D:6)
  3 ogres (Bailey)
  2 bullfrogs (D:6)
  A necrophage (D:5)
  2 scorpions
  5 wights (D:6)
  3 killer bees (Temple)
  3 orc priests
  2 jellies
  A hound (D:5)
  5 iguanas
  2 orc wizards
  3 gnolls (D:3)
  8 adders
  A shadow imp (D:6)
  An ufetubus (D:6)
  A dart slug (D:3)
  8 orcs
  11 ball pythons
  14 endoplasms
  4 giant cockroaches
  13 goblins
  7 hobgoblins
  8 jackals
  3 quokkas
  A bat (D:2)
  A frilled lizard (D:2)
  6 kobolds
  8 rats
137 creatures vanquished.

Vanquished Creatures (collateral kills)
  2 spriggans (Bailey)
2 creatures vanquished.

Vanquished Creatures (others)
  A steam dragon (Bailey)
  3 plants (D:1)
4 creatures vanquished.

Grand Total: 143 creatures vanquished

Notes
Turn   | Place    | Note
-------+----------+-------------------------------------------
     0 | D:1      | holysushi the Kobold Monk began the quest for the Orb.
     0 | D:1      | Reached XP level 1. HP: 14/14 MP: 1/1
    86 | D:1      | Reached XP level 2. HP: 19/19 MP: 2/2
   334 | D:1      | Found a faded altar of an unknown god.
   378 | D:1      | Found a faded altar of an unknown god.
   421 | D:1      | Reached XP level 3. HP: 22/23 MP: 3/3
   444 | D:1      | Reached skill level 5 in Short Blades
  1463 | D:2      | Reached XP level 4. HP: 29/29 MP: 4/4
  2177 | D:3      | Reached skill level 6 in Short Blades
  2195 | D:3      | Identified the +2 long sword "Osiuhaof" {freeze, +Blink
                  | Int+3}
  2532 | D:3      | Reached XP level 5. HP: 33/33 MP: 5/5
  3258 | D:4      | Reached skill level 7 in Short Blades
  3370 | D:4      | Reached XP level 6. HP: 29/39 MP: 6/6
  3533 | D:4      | Noticed a black bear
  4261 | D:5      | Entered Level 5 of the Dungeon
  4262 | D:5      | Found Ved Hun's General Store.
  4647 | D:5      | Reached skill level 5 in Fighting
  4647 | D:5      | Reached XP level 7. HP: 44/44 MP: 7/7
  4994 | D:5      | Reached skill level 8 in Short Blades
  6035 | D:6      | Reached skill level 5 in Dodging
  6035 | D:6      | Reached XP level 8. HP: 50/50 MP: 8/8
  6043 | D:6      | Reached skill level 9 in Short Blades
  6043 | D:6      | Reached skill level 5 in Stealth
  6466 | D:6      | Found a staircase to the Ecumenical Temple.
  6479 | Temple   | Entered the Ecumenical Temple
  6682 | Temple   | Became a worshipper of Dithmenos the Shadowed
  6682 | Temple   | Reached * piety under Dithmenos
  6682 | Temple   | Reached ** piety under Dithmenos
  6703 | D:6      | Noticed Edmund
  6710 | D:6      | Killed Edmund
  6711 | D:6      | Reached skill level 10 in Short Blades
  6932 | D:6      | Reached XP level 9. HP: 32/56 MP: 9/9
  7473 | D:6      | Reached skill level 11 in Short Blades
  7637 | D:6      | Found a blossoming altar of Fedhas.
  7705 | D:6      | Noticed a gargoyle
  7709 | D:6      | Killed a gargoyle
  7849 | D:7      | Found a flagged portal.
  7869 | Bailey   | Entered a bailey
  7910 | Bailey   | Reached skill level 12 in Short Blades
  8156 | Bailey   | Reached skill level 5 in Evocations
  8156 | Bailey   | Reached XP level 10. HP: 43/63 MP: 10/10
  8293 | Bailey   | Noticed a two-headed ogre
  8319 | Bailey   | Slain by a two-headed ogre

Illustrated notes

Levels and vault maps discovered:
D:1:      evilmike_arrival_crescent, layout_loops_ring,
          hellmonk_ecumenical_altar_the_god_not_taken, serial_forest,
          infiniplex_forest_clump_double, infiniplex_forest_straight_5,
          infiniplex_forest_lined_corner, infiniplex_forest_lined_corner,
          infiniplex_forest_clump_small, infiniplex_forest_straight_3,
          infiniplex_forest_end_3, infiniplex_forest_lined_4_way
D:2:      layout_basic, grunt_decor_one_mirror, amcnicky_mini_pool_small
D:3:      layout_basic
D:4:      layout_loops_ring, kennysheep_diamond
D:5:      layout_loops_corners, serial_shops, nicolae_shop_trees
D:6:      layout_rooms, mainiacjoe_overflow_surrounded_room,
          minmay_temple_entry_mini_moons, kennysheep_opposing_triangles,
          uniq_edmund
D:7:      layout_loops_corners, enter_bailey_5, kennysheep_nondescript,
          nicolae_wooded_promenade, nrook_campfire, kennysheep_small_square
Temple:   minmay_crystal_spiral_temple
Bailey:   bailey_polearm_enchanted_keep_hellmonk, bailey

Skill      XL: |  1  2  3  4  5  6  7  8  9 10 |
---------------+-------------------------------+-----
Short Blades   | 5 6 7 8 10 12 | 12.0
Fighting       | 4 5 6 7 |  7.4
Stealth        | 3 4 5 |  5.0
Dodging        | 4 5 6 7 |  7.2
Evocations     | 5 7 |  7.1

Action                   |  1- 3 |  4- 6 |  7- 9 | 10-12 || total
-------------------------+-------+-------+-------+-------++-------
Melee: Short sword       |    87 |   134 |   306 |     1 ||   528
       Punch             |       |     4 |     2 |       ||     6
Evoke: Wand              |       |       |       |     2 ||     2
  Use: Scroll            |       |    10 |     4 |     1 ||    15
       Potion            |       |       |     2 |       ||     2
 Stab: Sleeping          |    23 |    20 |    13 |       ||    56
       Distracted        |     1 |     1 |     3 |       ||     5
Armor: Robe              |     6 |    14 |    27 |     3 ||    50
Dodge: Dodged            |    37 |    71 |   236 |     9 ||   353

Table legend: (Time is in decaauts)
 A = Elapsed time spent in this place.
 B = Non-inter-level travel time spent in this place.
 C = Inter-level travel time spent in this place.
 D = Time resting spent in this place.
 E = Time spent auto-exploring this place.
 F = Levels seen in this place.
 G = Mean time per level.
                   A        B        C        D        E       F      G
               +--------+--------+--------+--------+--------+-----+--------+
         Total |   8183 |   7957 |    226 |   2318 |   4113 |   9 |  909.2 |
       Dungeon |   7327 |   7120 |    207 |   1888 |   3921 |   7 | 1046.7 |
        Temple |    416 |    397 |     19 |    188 |    172 |   1 |  416.0 |
        Bailey |    440 |    440 |      0 |    241 |     20 |   1 |  440.0 |
               +--------+--------+--------+--------+--------+-----+--------+

Top non-repeatable levels by time:
     D:5: 1679 daAuts
     D:6: 1400 daAuts
     D:3: 1299 daAuts
     D:1: 1136 daAuts
     D:4: 1046 daAuts
     D:2: 744 daAuts
  Bailey: 440 daAuts
  Temple: 416 daAuts
     D:7: 20 daAuts
